 Dungeon Crawl Stone Soup version 0.29-a0-468-ge57f7f99b4 (webtiles) character file.

Game seed: 15380139409799181014

7625 spaghetti the Brawler (level 11, -3/76 HPs)
             Began as a Vine Stalker Berserker on May 21, 2022.
             Was an Elder of Trog.
             Shot with an arrow by a centaur warrior (15 damage)
             ... on level 10 of the Dungeon on May 22, 2022.
             The game lasted 00:17:23 (7399 turns).

spaghetti the Brawler (Vine Stalker Berserker)      Turns: 7399, Time: 00:17:24

Health: -3/76      AC: 14    Str: 22    XL:     11   Next: 18%
Magic:  0/12       EV:  8    Int:  7    God:    Trog [****..]
Gold:   639        SH:  0    Dex: 16    Spells: 10/10 levels left

rFire   . . .      SeeInvis .     - Unarmed
rCold   . . .      Faith    .   (no shield)
rNeg    . . .      Spirit   +   x - +0 chain mail
rPois   .          Reflect  .   r - +1 helmet
rElec   .          Harm     .   w - +0 cloak {Will+}
rCorr   +          Rampage  .   g - +2 pair of gloves
Will    ++...                   (no boots)
Stlth   ..........              (no amulet)
HPRegen 1.02/turn               l - +4 ring of slaying
MPRegen 0.13/turn               A - ring of resist corrosion

@: berserking, very quick
A: fangs 3, regeneration 1, magic shield, antimagic bite, no potion heal 2
a: Renounce Religion, Berserk, Trog's Hand, Brothers in Arms


You were on level 10 of the Dungeon.
You worshipped Trog.
Trog was greatly pleased with you.
You visited 1 branch of the dungeon, and saw 10 of its levels.

You collected 639 gold pieces.


Innate Abilities, Weirdness & Mutations

You have razor-sharp teeth.
Your natural rate of healing is unusually fast.
When hurt, damage is shared between your health and your magic reserves.
Your bite disrupts and absorbs the magic of your enemies.
Potions cannot restore your health.


   Skills:
 - Level 2.7 Fighting
 - Level 4.9 Long Blades
 - Level 1.5 Armour
 - Level 1.5 Dodging
 + Level 18.3 Unarmed Combat


You had 10 spell levels left.
You didn't know any spells.
Your spell library contained the following spells:

 Spells                   Type           Power      Damage    Failure   Level
 Beastly Appendage        Tmut           0%         N/A       99%         1
 Sandblast                Erth           0%         2d4       99%         1
 Ensorcelled Hibernation  Hex/Ice        0%         N/A       100%        2
 Passwall                 Tmut/Erth      0%         N/A       100%        2
 Wereblood                Tmut           0%         N/A       100%        2
 Spider Form              Tmut/Pois      0%         N/A       100%        3
 Stone Arrow              Conj/Erth      0%         3d7       100%        3
 Swiftness                Air            0%         N/A       100%        3
 Anguish                  Hex/Necr       0%         N/A       100%        4

Inventory:

Hand Weapons
 d - a +1 great sword {long}
   (You found it on level 1 of the Dungeon)
 f - a +0 vorpal scythe {polearm}
   (You took it off Sigmund on level 2 of the Dungeon)
 p - a +2 dagger of venom {short}
   (You took it off a goblin on level 4 of the Dungeon)
Missiles
 c - 2 curare-tipped darts {=fthrowing}
 e - 98 stones (quivered) {throwing}
 v - 12 boomerangs {throwing}
 D - 6 silver javelins {throwing}
 E - 2 poisoned darts {throwing}
Armour
 g - a +2 pair of gloves (worn)
   (You found it on level 1 of the Dungeon)
 r - a +1 helmet (worn)
   (You found it on level 4 of the Dungeon)
 w - a +0 cloak of willpower (worn)
   (You found it on level 5 of the Dungeon)
 x - a +0 chain mail (worn)
   (You took it off an orc on level 4 of the Dungeon)
 L - a +0 troll leather armour
   (You found it on level 10 of the Dungeon)
Magical Staves
 G - a staff of death {forbidden!astaff}
   (You found it on level 7 of the Dungeon)
Jewellery
 a - a ring of fire
   (You found it on level 5 of the Dungeon)
 b - a ring of ice
   (You found it on level 1 of the Dungeon)
 l - a +4 ring of slaying (left hand)
   (You found it on level 3 of the Dungeon)
 z - a ring of wizardry
   (You found it on level 6 of the Dungeon)
 A - a ring of resist corrosion (right hand)
   (You found it on level 6 of the Dungeon)
 I - an amulet of regeneration {@e2}
   (You found it on level 9 of the Dungeon)
Wands
 q - a wand of mindburst (19)
   (You found it on level 4 of the Dungeon)
 C - a wand of flame (18)
   (You found it on level 6 of the Dungeon)
 J - a wand of paralysis (3)
   (You found it on level 9 of the Dungeon)
 O - a wand of charming (6)
   (You found it on level 10 of the Dungeon)
Scrolls
 o - 2 scrolls of poison {!r}
 t - 2 scrolls of immolation {!r!r}
 y - 2 scrolls of enchant weapon
 B - 2 scrolls of teleportation {@r4}
 F - a scroll of vulnerability {!r!r}
 N - a scroll of identify {@r1}
Potions
 h - a potion of curing {@q1}
 i - 5 potions of might
 j - a potion of haste {unknown}
 k - a potion of ambrosia {unknown}
 m - a potion of brilliance {unknown}
 n - 2 potions of mutation {unknown}
 s - a potion of flight {unknown}
 u - 2 potions of cancellation {unknown}
 H - a potion of attraction {unknown}
 K - a potion of magic {unknown}
 M - a potion of resistance {unknown}

Dungeon Overview and Level Annotations

Branches:
Dungeon (10/15)            Temple (0/1) D:7             Orc (0/2) D:10
   Lair: D:8-11

Altars:
Kikubaaqudgha
Beogh

Shops:
D:4 (   D:5 [

Annotations:
D:7 exclusion: electric eel
D:8 Grum

#.### #...#
###.#.### #.......#
#.#)#)#.##
#...)....#
#.#.#.#..#
#.......(####.###
#.#.#.#.(@.c.....
..........#####.##.
#####.##### #.# #.
##'# ##...##
##./...##
##.......##


You could see a centaur warrior.


Message History

You are too injured to fight recklessly!
You are too injured to fight recklessly!
You are too injured to fight recklessly!
You are too injured to fight recklessly!
You are too injured to fight recklessly!
You are too injured to fight recklessly!
You are too injured to fight recklessly!
You are too injured to fight recklessly!
You are too injured to fight recklessly!
You are too injured to fight recklessly!
You are too injured to fight recklessly!
You are too injured to fight recklessly!
You are too injured to fight recklessly!
You are too injured to fight recklessly!
You are too injured to fight recklessly!
You are too injured to fight recklessly!
You are too injured to fight recklessly!
The orc warrior hits you but does no damage.
Something hits you.
The orc throws a boomerang. 😕 HP[-1]
You take 1 damage, and now have 45/51 hp.
You pummel the orc warrior!! Your punch misses the orc warrior.
You bite the orc warrior!
You kill the orc warrior!
Trog accepts your kill. Something hits you but does no damage.
You pummel the orc!!
You kill the orc!
Trog accepts your kill. 😕 HP[+1]
You punch something! Trog accepts your kill.
Trog appreciates your killing of a magic user.
Reactivating autopickup.
You feel a bit more experienced. 😕 HP[+1]
You closely miss the orc priest. You punch the orc priest!
You hit the orc priest.
You kill the orc priest!
Trog accepts your kill. 😕 HP[+1]
The orc hits you with a +0 falchion.
Items here: )) [ ††. 😕 HP[-3] MP[-1]
You take 3 damage, and now have 45/51 hp.
You lost 1 mp, and now have 10/12 mp.
You pummel the orc!!
You kill the orc!
Trog accepts your kill.
v - 12 boomerangs {throwing} (gained 2)
Things that are here:
a +0 falchion {long}; a +0 leather armour 😕 HP[+2] MP[+1]
You regained 2 hp, and now have 47/51 hp.
A centaur warrior is nearby! 😎 HP[+4]
Your hp is fully restored (51).
A centaur warrior is nearby!
A centaur warrior is nearby!
A centaur warrior is nearby!
A centaur warrior is nearby!
The centaur warrior shouts!
The centaur warrior shoots an arrow.
The arrow barely misses you.
The centaur warrior shoots an arrow.
The arrow barely misses you. 😎 MP[+1]
Your mp is fully restored (12).
The centaur warrior shoots an arrow.
The arrow hits you! 😕 HP[-9] MP[-2]
You take 9 damage, and now have 42/51 hp.
You lost 2 mp, and now have 10/12 mp.
The centaur warrior shoots an arrow.
The arrow hits you!
The centaur warrior shoots an arrow.
The arrow hits you! 😮 HP[-16] MP[-4]
You take 16 damage, and now have 26/51 hp.
MASSIVE DAMAGE!! (PAUSE)
You lost 4 mp, and now have 6/12 mp.
The centaur warrior shoots an arrow.
The arrow hits you.
* * * LOW HITPOINT WARNING * * *
You see here a stone {throwing}. 😨 HP[-2] MP[-1]
You take 2 damage, and now have 24/51 hp.
You lost 1 mp, and now have 5/12 mp.
The centaur warrior shoots an arrow.
The arrow hits you!
* * * LOW HITPOINT WARNING * * *
The centaur warrior shoots an arrow.
The arrow hits you!
* * * LOW HITPOINT WARNING * * *
You see here a stone {throwing}. 😱 HP[-17] MP[-4]
You take 17 damage, and now have 7/51 hp.
MASSIVE DAMAGE!! (PAUSE)
You lost 4 mp, and now have 1/12 mp.
Unknown command.
Okay, then.
Okay, then.
Okay, then.
Okay, then.
A red film seems to cover your vision as you go berserk!
You feel yourself moving faster!
You feel mighty!
The centaur warrior shoots an arrow.
The arrow hits you!
You die...

Skill      XL: |  1  2  3  4  5  6  7  8  9 10 11 |
---------------+----------------------------------+-----
Long Blades    | 1 2 4 |  4.9
Unarmed Combat | 6 10 13 15 17 18 | 18.3
Fighting       | |  2.7
Armour         | |  1.5
Dodging        | |  1.5

Action                   |  1- 3 |  4- 6 |  7- 9 | 10-12 || total
-------------------------+-------+-------+-------+-------++-------
Melee: Great sword       |    71 |    54 |       |       ||   125
       Bite              |    22 |    13 |    55 |    49 ||   139
       Unarmed           |     4 |       |    86 |   188 ||   278
       Dagger            |       |    17 |    56 |       ||    73
       Punch             |       |     1 |     9 |    20 ||    30
Throw: Stone             |    36 |     6 |    82 |    73 ||   197
Invok: Berserk           |     6 |     1 |     4 |     7 ||    18
       Trog's Hand       |       |       |     2 |     5 ||     7
  Use: Scroll            |       |    11 |     2 |     4 ||    17
       Potion            |       |       |     2 |     3 ||     5
 Stab: Sleeping          |     1 |     2 |       |       ||     3
Armor: Animal skin       |    18 |    27 |     5 |       ||    50
       Chain mail        |       |       |    58 |    85 ||   143
       Skin              |       |       |     8 |    22 ||    30
Dodge: Dodged            |    60 |    42 |    29 |    65 ||   196

Levels and vault maps discovered:
D:1:      lightli_arrival_lavapool, layout_basic
D:2:      layout_loops_ring, minmay_misc_feat_alley, uniq_sigmund
D:3:      layout_basic, serial_co_window_serial, co_window_corner_a,
          co_window_paths_a, co_window_paths_a, co_window_cross_1,
          co_window_paths_a, co_window_unsneaky_path_e, co_window_corner_ca,
          co_window_2corner, co_window_2corner, co_window_paths_c,
          glass_columns_a, glass_columns_b, glass_columns_b,
          hellmonk_ecumenical_altar_pennies_from_heaven
D:4:      layout_loops_ring, serial_forest, infiniplex_forest_clump_cross,
          infiniplex_forest_clump_C, infiniplex_forest_clump_small,
          infiniplex_forest_corner_1, infiniplex_forest_lined_corner,
          infiniplex_forest_corner_1, infiniplex_forest_clump_small,
          infiniplex_forest_corner_2, infiniplex_forest_lined_room_2,
          infiniplex_forest_clump_double, serial_shops, shop, grunt_ministairs_2
D:5:      layout_loops_ring, serial_shops, shop, uniq_pikel
D:6:      cheibrodos_fzero, layout_basic, mainiacjoe_overflow_boulevard,
          uniq_blork_the_orc
D:7:      layout_rooms, minmay_temple_entry_hall, serial_bayou,
          serial_bayou_shore_a, serial_bayou_crossing, serial_bayou_shore_b,
          serial_bayou_lake_a, serial_bayou_pond_a
D:8:      layout_cave_pools, special_room [special_room_orc], uniq_grum,
          uniq_erica, uniq_joseph, uniq_psyche
D:9:      layout_gridville, serial_glass, glass_columns_b, glass_columns_a,
          item_on_display_a
D:10:     layout_loops_corners, david_orc_5, serial_glass, glass_columns_b,
          glass_columns_b, glass_columns_a, glass_columns_b,
          due_unseen_surprise, feat_on_display, feat_on_display,
          minmay_strange_pillars

Notes
Turn   | Place    | Note
-------+----------+-------------------------------------------
     0 | D:1      | spaghetti the Vine Stalker Berserker began the quest for
                  | the Orb.
     0 | D:1      | Reached XP level 1. HP: 11/11 MP: 2/2
     0 | D:1      | magus.rc [v1.9.6]
   115 | D:1      | Reached skill level 1 in Long Blades
   117 | D:1      | Reached XP level 2. HP: 8/16 MP: 1/3
   837 | D:1      | Reached skill level 2 in Long Blades
  1176 | D:1      | Reached XP level 3. HP: 19/19 MP: 4/4
  1672 | D:2      | You pick up a book of Changes {forbidden} and begin
                  | reading...
  1672 | D:2      | You add the spells Beastly Appendage, Wereblood and Spider
                  | Form to your library.
  2205 | D:2      | Noticed Sigmund
  2212 | D:2      | Killed Sigmund
  2213 | D:2      | Reached skill level 4 in Long Blades
  2213 | D:2      | Gained mutation: Your natural rate of healing is unusually
                  | fast. [Vine Stalker growth]
  2213 | D:2      | Reached XP level 4. HP: 14/23 MP: 1/5
  2213 | D:2      | Reached XP level 5. HP: 17/27 MP: 1/6
  2249 | D:2      | Identified a scroll of acquirement
  2249 | D:2      | Acquired a manual of Unarmed Combat
  2449 | D:3      | Reached XP level 6. HP: 32/32 MP: 7/7
  2463 | D:3      | Found a faded altar of an unknown god.
  2486 | D:3      | You pick up a book of Geomancy {forbidden} and begin
                  | reading...
  2486 | D:3      | You add the spells Sandblast, Passwall and Stone Arrow to
                  | your library.
  2917 | D:3      | Noticed an ice beast
  2922 | D:3      | Killed an ice beast
  2923 | D:3      | Reached skill level 5 in Unarmed Combat
  3281 | D:4      | Reached ** piety under Trog
  3414 | D:4      | Reached skill level 6 in Unarmed Combat
  3432 | D:4      | Found Wifuawych's Weapon Boutique.
  3565 | D:4      | Reached XP level 7. HP: 35/35 MP: 8/8
  3732 | D:4      | Reached skill level 7 in Unarmed Combat
  3940 | D:5      | Entered Level 5 of the Dungeon
  3964 | D:5      | You pick up a book of Burglary {forbidden} and begin
                  | reading...
  3964 | D:5      | You add the spells Ensorcelled Hibernation and Swiftness to
                  | your library.
  4313 | D:5      | Noticed Pikel
  4320 | D:5      | Killed Pikel
  4321 | D:5      | Reached skill level 10 in Unarmed Combat
  4321 | D:5      | Gained mutation: You have razor-sharp teeth. [Vine Stalker
                  | growth]
  4321 | D:5      | Reached XP level 8. HP: 39/39 MP: 9/9
  4348 | D:5      | Found Uchupp's Armour Shop.
  4454 | D:5      | Reached skill level 11 in Unarmed Combat
  4813 | D:6      | Reached skill level 12 in Unarmed Combat
  4871 | D:6      | You pick up a book of Dreams {forbidden} and begin
                  | reading...
  4878 | D:6      | Reached skill level 13 in Unarmed Combat
  4917 | D:6      | Found an ancient bone altar of Kikubaaqudgha.
  4960 | D:6      | Reached XP level 9. HP: 43/43 MP: 10/10
  4988 | D:6      | Noticed Blork the orc
  5011 | D:6      | Reached skill level 14 in Unarmed Combat
  5015 | D:6      | Killed Blork the orc
  5089 | D:6      | Reached *** piety under Trog
  5276 | D:6      | Reached skill level 15 in Unarmed Combat
  5333 | D:6      | Reached XP level 10. HP: 41/47 MP: 9/11
  5523 | D:7      | Reached skill level 16 in Unarmed Combat
  5553 | D:7      | Found a staircase to the Ecumenical Temple.
  6097 | D:7      | HP: 7/47 [electric eel/bolt of electricity (8)]
  6098 | D:7      | magus.rc [v1.9.6]
  6221 | D:8      | Noticed Grum
  6237 | D:9      | HP: 16/70 [killer bee (5)]
  6242 | D:9      | HP: 16/105 [killer bee (5)]
  6249 | D:9      | HP: 21/105 [killer bee (2)]
  6372 | D:9      | Reached skill level 17 in Unarmed Combat
  6535 | D:9      | Reached **** piety under Trog
  6640 | D:9      | Reached XP level 11. HP: 45/51 MP: 10/12
  6814 | D:10     | Entered Level 10 of the Dungeon
  6814 | D:10     | Noticed a centaur warrior
  6873 | D:10     | Reached skill level 18 in Unarmed Combat
  7133 | D:10     | Found a staircase to the Orcish Mines.
  7398 | D:10     | HP: 7/51 [centaur warrior/arrow (11)]
  7399 | D:10     | Shot with an arrow by a centaur warrior

Vanquished Creatures
  Pikel (D:5)
  A troll (D:10)
  Sigmund (D:2)
  2 wyverns
  A vampire (D:6)
  7 yaks
  2 steam dragons (D:6)
  9 orc warriors
  A black bear (D:5)
  A sky beast (D:6)
  4 ice beasts
  An ogre (D:6)
  A wolf (D:7)
  A lemure (D:5)
  A phantom (D:6)
  2 kobold brigands
  Blork the orc (D:6)
  3 bullfrogs
  2 necrophages
  4 scorpions
  18 wights
  15 killer bees (D:9)
  3 electric eels (D:7)
  4 howler monkeys
  3 hounds
  3 jellies (D:6)
  3 gnoll shamans
  6 orc priests
  2 iguanas
  3 orc wizards
  8 gnolls
  8 adders
  2 shadow imps (D:6)
  A white imp (D:6)
  2 worms
  2 dart slugs
  36 orcs
  6 bats
  7 endoplasms
  A giant cockroach (D:2)
  8 goblins
  5 hobgoblins
  5 jackals
  13 kobolds
  9 quokkas
  4 ball pythons
  5 frilled lizards
  3 rats (D:1)
  A bush (D:4)
232 creatures vanquished.

Vanquished Creatures (others)
  20 plants
20 creatures vanquished.

Grand Total: 252 creatures vanquished

Table legend:
 A = Non-vault XP
 B = Vault XP
 C = Vault XP percentage of total XP
 D = Non-vault monster count
 E = Vault monster count
 F = Vault count percentage of total count
                 A         B        C        D         E       F
            +---------+---------+-------+---------+---------+-------
      Total |    7492 |    3402 |  31.2 |     187 |      43 |  18.7
            +---------+---------+-------+---------+---------+-------
        D:1 |      47 |       0 |   0.0 |      29 |       0 |   0.0
        D:2 |      28 |     231 |  89.2 |       7 |       1 |  12.5
        D:3 |     167 |       0 |   0.0 |      16 |       0 |   0.0
        D:4 |     237 |       3 |   1.2 |      22 |       2 |   8.3
        D:5 |     419 |     629 |  60.0 |      10 |       1 |   9.1
        D:6 |    1351 |    1541 |  53.3 |      21 |      17 |  44.7
        D:7 |    1122 |     115 |   9.3 |      22 |       1 |   4.3
        D:9 |    3367 |       0 |   0.0 |      42 |       0 |   0.0
       D:10 |     754 |     883 |  53.9 |      18 |      21 |  53.8
            +---------+---------+-------+---------+---------+-------

Illustrated notes

Table legend:
 A = Kills in this place as a percentage of kills in entire the game.
 B = Kills by you in this place as a percentage of kills by you in the entire game.
 C = Kills by friends in this place as a percentage of kills by friends in the entire game.
 D = Other kills in this place as a percentage of other kills in the entire game.
 E = Experience gained in this place as a percentage of experience gained in the entire game.
 F = Experience gained in this place divided by the number of levels of this place that you have seen.
                   A       B       C       D       E      F
               +-------+-------+-------+-------+-------+----------------------
         Total | 100.0 | 100.0 |   N/A |   N/A | 100.0 | 1089.4
       Dungeon | 100.0 | 100.0 |   N/A |   N/A | 100.0 | 1089.4
               +-------+-------+-------+-------+-------+----------------------

Table legend: (Time is in decaauts)
 A = Elapsed time spent in this place.
 B = Non-inter-level travel time spent in this place.
 C = Inter-level travel time spent in this place.
 D = Time resting spent in this place.
 E = Time spent auto-exploring this place.
 F = Levels seen in this place.
 G = Mean time per level.
                   A        B        C        D        E       F      G
               +--------+--------+--------+--------+--------+-----+--------+
         Total |   7584 |   7149 |    435 |    642 |   5183 |  10 |  758.4 |
       Dungeon |   7584 |   7149 |    435 |    642 |   5183 |  10 |  758.4 |
               +--------+--------+--------+--------+--------+-----+--------+

Top non-repeatable levels by time:
     D:1: 1693 daAuts
     D:3: 896 daAuts
     D:5: 795 daAuts
     D:2: 781 daAuts
     D:4: 779 daAuts
     D:7: 745 daAuts
     D:6: 716 daAuts
     D:9: 677 daAuts
    D:10: 493 daAuts
     D:8: 5 daAuts
